TOP OF THE 1ST |
Orem Owlz batting - Pitching for Oakland (APP) Athletics : RHP Ricky Lopez
|
Pitching: RHP Ricky Lopez
|
|
Batting: SHB Butch Brown
|
0-0: Ball 1-0: Ball 2-0: Called Strike 2-1: Foul Ball, location: 2F 2-2: Foul Ball, location: 2F 2-2: Fly out, F8 (Flyball, 8RD, EV 104.4 MPH)
|
Batting: LHB Justin Alexander
|
0-0: Foul Ball, location: 2F 0-1: Ball 1-1: Foul Ball, location: 2F 1-2: Foul Ball, location: 2F 1-2: Foul Ball, location: 2F 1-2: Ball 2-2: Strikes out swinging
|
Batting: LHB Brett Bugge
|
0-0: Ball 1-0: Ball 2-0: Reached on error, E4 (Groundball, 4, EV 81.9 MPH)
|
Batting: RHB Mike Alm
|
0-0: Swinging Strike 0-1: Called Strike 0-2: Foul Ball, location: 2F 0-2: Strikes out swinging
|
Top of the 1st over - 0 runs, 0 hits, 1 error, 1 left on base; Orem 0 - Oakland (APP) 0 |
BOTTOM OF THE 1ST |
Oakland (APP) Athletics batting - Pitching for Orem Owlz : LHP Paul Griffin
|
Pitching: LHP Paul Griffin
|
|
Batting: RHB Colin Coleman
|
0-0: Ball 1-0: SINGLE (Groundball, 34S, EV 65.0 MPH) (infield hit)
|
Batting: RHB Walt Alaniz
|
0-0: Ball 1-0: Called Strike 1-1: Ball 2-1: Called Strike 2-2: Strikes out looking
|
Batting: RHB Josh Whaley
|
0-0: Ball 1-0: Ball 2-0: Foul Ball, location: 2F 2-1: Foul Ball, location: 2F 2-2: Strikes out swinging
|
Batting: RHB Chris Temple
|
0-0: Ball 1-0: Ground out 4-3 (Groundball, 4, EV 78.8 MPH)
|
Bottom of the 1st over - 0 runs, 1 hit, 0 errors, 1 left on base; Orem 0 - Oakland (APP) 0 |
TOP OF THE 2ND |
Orem Owlz batting - Pitching for Oakland (APP) Athletics : RHP Ricky Lopez
|
Batting: RHB Ryan Pelletier
|
0-0: Ground out 1-3 (Groundball, 15S, EV 63.8 MPH)
|
Batting: RHB Danny Bjarnson
|
0-0: Ball 1-0: Called Strike 1-1: Ball 2-1: Foul Ball, location: 2F 2-2: Foul Ball, location: 2F 2-2: TRIPLE (Flyball, 78XD, EV 112.5 MPH)
|
Batting: RHB J.R. Roberts
|
0-0: Fly out, F7 (Flyball, 78XD, EV 78.8 MPH) Runner from 3rd tags up, SCORES, no throw by LF
|
Batting: RHB Kinya Nishimura
|
0-0: Ball 1-0: Ground out 4-3 (Groundball, 34, EV 102.5 MPH)
|
Top of the 2nd over - 1 run, 1 hit, 0 errors, 0 left on base; Orem 1 - Oakland (APP) 0 |
BOTTOM OF THE 2ND |
Oakland (APP) Athletics batting - Pitching for Orem Owlz : LHP Paul Griffin
|
Batting: LHB Augustin Cormier
|
0-0: Ball 1-0: Foul Ball, location: 2F 1-1: Ball 2-1: Ball 3-1: Base on Balls
|
Batting: RHB Jon Coleman
|
0-0: SINGLE (Groundball, 56D, EV 108.1 MPH) Augustin Cormier to second Augustin Cormier to third
|
Batting: RHB Jason Dove
|
0-0: Foul Ball, location: 2F 0-1: Foul Ball, location: 2F 0-2: Strikes out swinging
|
Batting: RHB Tim Anderson
|
0-0: Ball 1-0: Fly out, F9 (Flyball, 9, EV 77.5 MPH) Runner from 3rd tags up, SCORES, throw by RF
|
Batting: LHB Gregg Power
|
0-0: Foul Ball, location: 2F 0-1: Swinging Strike 0-2: Strikes out swinging
|
Bottom of the 2nd over - 1 run, 1 hit, 0 errors, 1 left on base; Orem 1 - Oakland (APP) 1 |
TOP OF THE 3RD |
Orem Owlz batting - Pitching for Oakland (APP) Athletics : RHP Ricky Lopez
|
Batting: RHB Jose Ramirez
|
0-0: Called Strike 0-1: Ground out 3-1 (Groundball, 13, EV 76.9 MPH)
|
Batting: SHB Butch Brown
|
0-0: Called Strike 0-1: Called Strike 0-2: Ball 1-2: Ball 2-2: Strikes out swinging
|
Batting: LHB Justin Alexander
|
0-0: Ball 1-0: Foul Ball, location: 2F 1-1: Called Strike 1-2: Ground out 1-3 (Groundball, P, EV 66.9 MPH)
|
Top of the 3rd over - 0 runs, 0 hits, 0 errors, 0 left on base; Orem 1 - Oakland (APP) 1 |
BOTTOM OF THE 3RD |
Oakland (APP) Athletics batting - Pitching for Orem Owlz : LHP Paul Griffin
|
Batting: RHB Colin Coleman
|
0-0: Swinging Strike 0-1: Ball 1-1: Ball 2-1: Foul Ball, location: 2F 2-2: Fly out, F8 (Flyball, 89D, EV 100.0 MPH)
|
Batting: RHB Walt Alaniz
|
0-0: Called Strike 0-1: Ground out 6-3 (Groundball, 56D, EV 101.2 MPH)
|
Batting: RHB Josh Whaley
|
0-0: Ball 1-0: Ball 2-0: Ball 3-0: Called Strike 3-1: Base on Balls
|
Batting: RHB Chris Temple
|
0-0: Called Strike 0-1: Ball 1-1: Swinging Strike 1-2: Ball 2-2: Ground out 5-3 (Groundball, 56, EV 104.4 MPH)
|
Bottom of the 3rd over - 0 runs, 0 hits, 0 errors, 1 left on base; Orem 1 - Oakland (APP) 1 |
TOP OF THE 4TH |
Orem Owlz batting - Pitching for Oakland (APP) Athletics : RHP Ricky Lopez
|
Batting: LHB Brett Bugge
|
0-0: Ground out 6-3 (Groundball, 6, EV 110.0 MPH)
|
Batting: RHB Mike Alm
|
0-0: Foul Ball, location: 2F 0-1: Swinging Strike 0-2: Ball 1-2: Foul Ball, location: 2F 1-2: Ball 2-2: Ball 3-2: SOLO HOME RUN (Flyball, 78XD, EV 100.6 MPH), Distance : 419 ft
|
Batting: RHB Ryan Pelletier
|
0-0: Swinging Strike 0-1: Ground out 5-3 (Groundball, 5, EV 93.1 MPH)
|
Batting: RHB Danny Bjarnson
|
0-0: Foul Ball, location: 2F 0-1: Ball 1-1: Ball 2-1: Ball 3-1: Base on Balls
|
Batting: RHB J.R. Roberts
|
0-0: Ball 1-0: Foul Ball, location: 2F 1-1: Swinging Strike 1-2: SINGLE (Groundball, 56D, EV 98.8 MPH) Danny Bjarnson to second
|
Batting: RHB Kinya Nishimura
|
0-0: Ball 1-0: Ball 2-0: Called Strike 2-1: SINGLE (Groundball, 56S, EV 68.8 MPH) (infield hit) Danny Bjarnson to third J.R. Roberts to second
|
Batting: RHB Jose Ramirez
|
0-0: Ball 1-0: Ball 2-0: Foul Ball, location: 2F 2-1: Foul Ball, location: 2F 2-2: SINGLE (Groundball, 56D, EV 103.8 MPH) - runner OUT being hit by batted ball. (infield hit)
|
Top of the 4th over - 1 run, 4 hits, 0 errors, 2 left on base; Orem 2 - Oakland (APP) 1 |
BOTTOM OF THE 4TH |
Oakland (APP) Athletics batting - Pitching for Orem Owlz : LHP Paul Griffin
|
Batting: LHB Augustin Cormier
|
0-0: SINGLE (Groundball, 4MD, EV 101.2 MPH)
|
Batting: RHB Jon Coleman
|
0-0: Called Strike 0-1: Ball 1-1: Fly out, F7 (Flyball, 78D, EV 80.0 MPH)
|
Batting: RHB Jason Dove
|
0-0: Called Strike 0-1: Called Strike 0-2: Foul Ball, location: 2F 0-2: Ball Wild Pitch! Augustin Cormier to second 1-2: Foul Ball, location: 2F 1-2: Ball 2-2: Strikes out swinging
|
Batting: RHB Tim Anderson
|
0-0: Foul Ball, location: 2F 0-1: Fly out, F4 (Line Drive, 4, EV 70.0 MPH)
|
Bottom of the 4th over - 0 runs, 1 hit, 0 errors, 1 left on base; Orem 2 - Oakland (APP) 1 |
TOP OF THE 5TH |
Orem Owlz batting - Pitching for Oakland (APP) Athletics : RHP Ricky Lopez
|
Batting: SHB Butch Brown
|
0-0: Foul Ball, location: 2F 0-1: Ball 1-1: Swinging Strike 1-2: Ground out 6-3 (Groundball, 6, EV 83.8 MPH)
|
Batting: LHB Justin Alexander
|
0-0: Called Strike 0-1: Ball 1-1: Ball 2-1: Ball 3-1: Base on Balls
|
Batting: LHB Brett Bugge
|
0-0: Ball Justin Alexander is caught stealing 2nd base 2-6 1-0: Ball 2-0: Called Strike 2-1: Foul Ball, location: 2F 2-2: Ball 3-2: Strikes out swinging
|
Top of the 5th over - 0 runs, 0 hits, 0 errors, 0 left on base; Orem 2 - Oakland (APP) 1 |
BOTTOM OF THE 5TH |
Oakland (APP) Athletics batting - Pitching for Orem Owlz : LHP Paul Griffin
|
Batting: LHB Gregg Power
|
0-0: Fly out, F8 (Flyball, 78D, EV 86.2 MPH)
|
Batting: RHB Colin Coleman
|
0-0: SINGLE (Groundball, 4M, EV 101.2 MPH)
|
Batting: RHB Walt Alaniz
|
0-0: Ball 1-0: Ball 2-0: Ball 3-0: Base on Balls Colin Coleman to second
|
Batting: RHB Josh Whaley
|
0-0: Foul Ball, location: 2F 0-1: Ball 1-1: Swinging Strike 1-2: Ball 2-2: Strikes out looking
|
Batting: RHB Chris Temple
|
0-0: Ball 1-0: Foul Ball, location: 2F 1-1: Ball Wild Pitch! Colin Coleman to third Walt Alaniz to second 2-1: Ball 3-1: Fly out, F2 (Popup, 15S, EV 83.1 MPH)
|
Bottom of the 5th over - 0 runs, 1 hit, 0 errors, 2 left on base; Orem 2 - Oakland (APP) 1 |
TOP OF THE 6TH |
Orem Owlz batting - Pitching for Oakland (APP) Athletics : RHP Ricky Lopez
|
Batting: RHB Mike Alm
|
0-0: Swinging Strike 0-1: Ball 1-1: Fly out, F8 (Line Drive, 8RD, EV 97.5 MPH)
|
Batting: RHB Ryan Pelletier
|
0-0: SINGLE (Line Drive, 4MD, EV 101.9 MPH)
|
Batting: RHB Danny Bjarnson
|
0-0: Grounds into double play, 5-4-3 (Groundball, 5, EV 85.6 MPH)
|
Top of the 6th over - 0 runs, 1 hit, 0 errors, 0 left on base; Orem 2 - Oakland (APP) 1 |
BOTTOM OF THE 6TH |
Oakland (APP) Athletics batting - Pitching for Orem Owlz : LHP Paul Griffin
|
Batting: LHB Augustin Cormier
|
0-0: Swinging Strike 0-1: Fly out, F9 (Flyball, 89M, EV 80.6 MPH)
|
Batting: RHB Jon Coleman
|
0-0: Ground out 5-3 (Groundball, 56, EV 88.1 MPH)
|
Batting: RHB Jason Dove
|
0-0: Ball 1-0: Called Strike 1-1: Called Strike 1-2: Ball 2-2: Strikes out swinging, 2-3 out at first.
|
Bottom of the 6th over - 0 runs, 0 hits, 0 errors, 0 left on base; Orem 2 - Oakland (APP) 1 |
TOP OF THE 7TH |
Orem Owlz batting - Pitching for Oakland (APP) Athletics : RHP Ricky Lopez
|
Batting: RHB J.R. Roberts
|
0-0: Ball 1-0: Called Strike 1-1: Called Strike 1-2: Ball 2-2: Ball 3-2: Fly out, F7 (Flyball, 7LS, EV 98.1 MPH)
|
Batting: RHB Kinya Nishimura
|
0-0: Ball 1-0: Ground out 1-3 (Groundball, 15S, EV 65.6 MPH)
|
Batting: RHB Jose Ramirez
|
0-0: SOLO HOME RUN (Flyball, 7D, EV 96.2 MPH), Distance : 373 ft
|
Batting: SHB Butch Brown
|
0-0: SINGLE (Line Drive, 8LS, EV 91.2 MPH)
|
Batting: LHB Justin Alexander
|
0-0: Called Strike 0-1: Ground out 4-3 (Groundball, 34, EV 93.8 MPH)
|
Top of the 7th over - 1 run, 2 hits, 0 errors, 1 left on base; Orem 3 - Oakland (APP) 1 |
BOTTOM OF THE 7TH |
Oakland (APP) Athletics batting - Pitching for Orem Owlz : LHP Paul Griffin
|
Batting: RHB Tim Anderson
|
0-0: Foul Ball, location: 2F 0-1: Ball 1-1: Ball 2-1: Foul Ball, location: 2F 2-2: Hit by Pitch
|
Batting: RHB Steve Blackshear
|
0-0: Ball 1-0: Ball 2-0: Ball 3-0: Called Strike 3-1: Base on Balls Tim Anderson to second
|
Batting: RHB Colin Coleman
|
0-0: Bunted foul 0-1: Bunt missed! 0-2: Foul Ball, location: 2F 0-2: Ball 1-2: Foul Ball, location: 2F 1-2: Foul Ball, location: 2F 1-2: Ball 2-2: Foul Ball, location: 2F 2-2: Ball 3-2: Base on Balls Tim Anderson to third Steve Blackshear to second
|
Pitching: RHP Ed Raleigh
|
|
Batting: RHB Walt Alaniz
|
0-0: SINGLE (Line Drive, 6, EV 98.8 MPH) Tim Anderson scores Steve Blackshear to third Colin Coleman to second
|
Batting: RHB Josh Whaley
|
0-0: Called Strike 0-1: Called Strike 0-2: Strikes out swinging
|
Batting: RHB Chris Temple
|
0-0: Called Strike 0-1: Foul Ball, location: 2F 0-2: Ball 1-2: Ball 2-2: Ball 3-2: Fly out, F8 (Flyball, 8LD, EV 86.9 MPH)
|
Batting: LHB Augustin Cormier
|
0-0: SINGLE (Groundball, 34D, EV 106.2 MPH) Steve Blackshear scores Colin Coleman to third Walt Alaniz to second Runner from 3rd tries for Home, SAFE, throw by RF to home
|
Batting: RHB Jon Coleman
|
0-0: Foul Ball, location: 2F 0-1: Fly out, F7 (Line Drive, 7D, EV 98.8 MPH)
|
Bottom of the 7th over - 3 runs, 2 hits, 0 errors, 2 left on base; Orem 3 - Oakland (APP) 4 |
TOP OF THE 8TH |
Orem Owlz batting - Pitching for Oakland (APP) Athletics : RHP Ricky Lopez
|
Pitching: LHP Daniel Aguayo
|
|
Now in LF: Walt Alaniz
|
|
Now in CF: Mark Friedmann
|
|
Now in RF: Josh Whaley
|
|
Batting: RHB Pat Crawley
|
0-0: Ball 1-0: Ball 2-0: Foul Ball, location: 2F 2-1: Swinging Strike 2-2: Foul Ball, location: 2F 2-2: Ball 3-2: Fly out, F8 (Flyball, 8RXD, EV 92.5 MPH)
|
Pitching: LHP Kevin Barteaux
|
|
Batting: RHB Mike Alm
|
0-0: Swinging Strike 0-1: Ground out 6-3 (Groundball, 56, EV 106.2 MPH)
|
Batting: RHB Ryan Pelletier
|
0-0: Ground out U3 (Groundball, 3L, EV 102.5 MPH)
|
Top of the 8th over - 0 runs, 0 hits, 0 errors, 0 left on base; Orem 3 - Oakland (APP) 4 |
BOTTOM OF THE 8TH |
Oakland (APP) Athletics batting - Pitching for Orem Owlz : RHP Ed Raleigh
|
Pitching: RHP Danny Nava
|
|
Batting: RHB Jason Dove
|
0-0: Swinging Strike 0-1: Foul Ball, location: 2F 0-2: Strikes out swinging
|
Batting: RHB Tim Anderson
|
0-0: Ball 1-0: Called Strike 1-1: Ball 2-1: Foul Ball, location: 2F 2-2: Ground out 3-1 (Groundball, 34, EV 87.5 MPH)
|
Batting: RHB Steve Blackshear
|
0-0: Called Strike 0-1: Fly out, F7 (Flyball, 7LM, EV 87.5 MPH)
|
Bottom of the 8th over - 0 runs, 0 hits, 0 errors, 0 left on base; Orem 3 - Oakland (APP) 4 |
TOP OF THE 9TH |
Orem Owlz batting - Pitching for Oakland (APP) Athletics : LHP Kevin Barteaux
|
Pitching: RHP Jalen Cobbins
|
|
Batting: RHB Danny Bjarnson
|
0-0: Called Strike 0-1: Ball 1-1: Ball 2-1: SINGLE (Groundball, 4D, EV 107.5 MPH)
|
Pinch Hitting: LHB Nick Isaac
|
0-0: Ball 1-0: Called Strike 1-1: Called Strike Danny Bjarnson steals 2nd base 1-2: Ball 2-2: Foul Ball, location: 2F 2-2: Ball 3-2: Base on Balls
|
Batting: RHB Kinya Nishimura
|
0-0: Called Strike 0-1: Foul Ball, location: 2F 0-2: Ball 1-2: Foul Ball, location: 2F 1-2: Foul Ball, location: 2F 1-2: Ball 2-2: Ball 3-2: Strikes out looking
|
Batting: RHB Jose Ramirez
|
0-0: Called Strike 0-1: Ball 1-1: Ball 2-1: Swinging Strike 2-2: Ball 3-2: SINGLE (Groundball, 6M, EV 106.9 MPH) (infield hit) Danny Bjarnson to third Nick Isaac to second
|
Batting: SHB Butch Brown
|
0-0: Ball 1-0: Swinging Strike Passed Ball! Danny Bjarnson scores Nick Isaac to third Jose Ramirez to second 1-1: Foul Ball, location: 2F 1-2: Ball 2-2: Foul Ball, location: 2F 2-2: SINGLE (Flyball, 34D, EV 96.9 MPH) Nick Isaac scores Jose Ramirez to third Runner from 3rd tries for Home, SAFE, throw by RF to home
|
Batting: LHB Justin Alexander
|
0-0: Swinging Strike 0-1: Foul Ball, location: 2F 0-2: Ball 1-2: Ball 2-2: Ball 3-2: Foul Ball, location: 2F 3-2: Foul Ball, location: 2F 3-2: Strikes out swinging
|
Pitching: RHP Kyle Rasor
|
|
Batting: RHB Pat Crawley
|
0-0: Called Strike 0-1: Called Strike 0-2: Fly out, F9 (Flyball, 9, EV 90.0 MPH)
|
Top of the 9th over - 3 runs, 3 hits, 0 errors, 1 left on base; Orem 6 - Oakland (APP) 4 |
BOTTOM OF THE 9TH |
Oakland (APP) Athletics batting - Pitching for Orem Owlz : RHP Danny Nava
|
Now at 1B: Roger Payne
|
|
Batting: RHB Colin Coleman
|
0-0: Ground out 4-3 (Groundball, 4, EV 83.1 MPH)
|
Batting: RHB Walt Alaniz
|
0-0: Ball 1-0: Ball 2-0: Ball 3-0: Called Strike 3-1: Ground out 4-3 (Groundball, 34, EV 107.5 MPH)
|
Batting: RHB Josh Whaley
|
0-0: Called Strike 0-1: Ball 1-1: Ball 2-1: Swinging Strike 2-2: Strikes out swinging
|
Bottom of the 9th over - 0 runs, 0 hits, 0 errors, 0 left on base; Orem 6 - Oakland (APP) 4 |
|